Map: Ruins of Seras

Players

Rinka - Winner!

  • Race: Protoss Protoss
  • League: Grandmaster

HateMe

  • Race: Zerg Zerg
  • League: Platinum

Event: DreamHack ZOWIE Open Leipzig

VOD

Have the link to the VOD?

Description

Time

  • Played on: Jan. 22, 2016, 10:30 a.m.
  • Length: 11:17

All games in this series

Show
View Real Time Build Order
Export as new Build Order

Rinka Protoss - Winner!

Build Orders: 1 Gate Expand, Oracle Opening 

Get SALT Encoding   

  12  0:01  Probe (Chrono Boost)  
  13  0:11  Probe (Chrono Boost)  
  14  0:18  Pylon  
  14  0:23  Probe (Chrono Boost)  
  15  0:36  Probe (Chrono Boost)  
  15  0:38  Gateway  
  16  0:46  Probe (Chrono Boost)  
  17  0:57  Probe (Chrono Boost)  
  17  0:58  Assimilator  
  18  1:08  Probe (Chrono Boost)  
  19  1:24  Nexus  
  19  1:28  Probe (Chrono Boost)  
  20  1:38  Cybernetics Core  
  20  1:41  Probe (Chrono Boost)  
  21  1:49  Assimilator  
  21  1:51  Probe (Chrono Boost)  
  22  1:56  Pylon  
  22  2:02  Probe (Chrono Boost)  
  23  2:17  Adept  
  23  2:18  Mothership Core (Chrono Boost)  
  27  2:25  Warp Gate  
  27  2:36  Probe (Chrono Boost)  
  29  2:37  Probe (Chrono Boost)  
  29  2:47  Probe (Chrono Boost)  
  29  2:48  Probe (Chrono Boost)  
  31  2:51  Pylon  
  31  2:57  Probe (Chrono Boost)  
  31  2:58  Probe (Chrono Boost)  
  32  3:00  Pylon  
  32  3:08  Probe (Chrono Boost)  
  32  3:09  Probe (Chrono Boost)  
  32  3:10  Stargate  
  34  3:18  Probe (Chrono Boost)  
  34  3:19  Probe (Chrono Boost)  
  36  3:29  Probe (Chrono Boost)  
  36  3:30  Probe (Chrono Boost)  
  38  3:35  Gateway  
  38  3:38  Gateway  
  38  3:40  Pylon  
  37  3:46  Probe (Chrono Boost)  
  37  3:47  Probe (Chrono Boost)  
  39  3:54  Pylon  
  39  3:58  Pylon  
  39  3:59  Oracle (Chrono Boost)  
  42  4:06  Pylon  
  42  4:09  Pylon  
  39  4:20  Probe  
  39  4:21  Gateway  
  39  4:22  Probe  
  41  4:31  Probe, Pylon x2  
  41  4:32  Sentry  
  41  4:33  Sentry  
  41  4:37  Sentry  
  48  4:45  Probe  
  46  4:46  Pylon  
  46  4:47  Probe  
  48  4:56  Probe  
  48  4:59  Adept  
  51  5:00  Adept  
  51  5:01  Adept  
  51  5:05  Probe  
  51  5:06  Probe  
  56  5:14  Pylon x2  
  57  5:17  Probe  
  57  5:18  Probe  
  57  5:20  Adept  
  52  5:21  Adept x2  
  52  5:22  Adept  
  52  5:27  Probe  
  56  5:28  Assimilator  
  56  5:30  Probe, Assimilator  
  58  5:40  Adept, Pylon  
  58  5:41  Adept  
  58  5:42  Adept  
  62  5:48  Probe  
  62  5:50  Probe  
  64  6:03  Adept  
  64  6:04  Probe, Adept x3  
  72  6:06  Probe  
  72  6:07  Oracle (Chrono Boost)  
  77  6:14  Forge  
  77  6:17  Pylon  
  77  6:22  Pylon  
  77  6:24  Sentry x3  
  83  6:33  Adept  
  85  6:49  Adept x2  
  85  6:50  Adept  
  91  6:57  Nexus  
  91  6:59  Pylon  
  91  7:01  Pylon  
  91  7:04  Adept  
  93  7:13  Pylon  
  93  7:14  Pylon  
  93  7:24  Nexus  
  93  7:26  Adept x3, Protoss Ground Weapons Level 1  
  93  7:27  Adept  
  101  7:32  Robotics Facility  
  99  7:37  Probe  
  99  7:39  Probe  
  101  7:47  Probe  
  101  7:51  Probe  
  103  7:52  Twilight Council  
  103  8:04  Probe  
  103  8:06  Probe  
  103  8:10  Adept x4  
  113  8:15  Probe  
  113  8:18  Probe  
  115  8:24  Immortal (Chrono Boost)  
  115  8:25  Probe  
  117  8:30  Probe  
  117  8:32  Charge  
  83  8:42  Adept x4  
  83  8:47  Assimilator  
  89  8:49  Assimilator  
  89  8:54  Probe  
  89  8:56  Probe x2  
  84  9:06  Immortal (Chrono Boost)  
  84  9:07  Sentry x2  
  84  9:08  Sentry x2  
  96  9:16  Photon Cannon  
  96  9:21  Templar Archives  
  96  9:24  Gateway  
  96  9:26  Gateway  
  96  9:27  Gateway  
  96  9:31  Gateway  
  93  9:39  Zealot x4, Warp Prism (Chrono Boost)  
  103  9:50  Pylon  
  103  9:53  Gateway  
  103  9:56  Gateway  
  103  10:01  Gateway  
  103  10:02  Pylon, High Templar x3  
  103  10:03  High Templar  
  103  10:06  Pylon  
  111  10:08  Archon x2  
  111  10:14  Pylon  
  111  10:30  High Templar x3  
  111  10:31  High Templar  
  111  10:34  Archon  
  111  10:35  Archon  
  119  10:48  Zealot x3  
  119  10:49  Zealot  
  127  10:58  Zealot x2  
  127  11:02  Zealot x2  
  127  11:03  Zealot  
  119  11:06  Zealot  
Show
View Real Time Build Order
Export as new Build Order

HateMe Zerg 

Build Orders: Hatch First 

Get SALT Encoding   

  12  0:02  Drone  
  13  0:13  Overlord  
  13  0:18  Drone  
  14  0:32  Drone x2  
  16  0:36  Drone  
  17  0:53  Hatchery  
  16  0:57  Drone  
  16  1:01  Extractor  
  16  1:04  Drone  
  17  1:17  Spawning Pool  
  16  1:20  Drone  
  17  1:26  Drone  
  17  1:30  Drone  
  19  1:40  Drone  
  20  1:51  Overlord  
  20  2:04  Queen  
  20  2:05  Queen  
  20  2:08  Metabolic Boost  
  24  2:11  Zergling x2  
  25  2:16  Zergling x2  
  25  2:17  Zergling x2  
  25  2:21  Zergling x2  
  28  2:26  Zergling x2  
  28  2:28  Zergling x2  
  30  2:35  Overlord  
  30  2:40  Zergling x2  
  31  2:47  Zergling x2  
  31  2:49  Zergling x2  
  33  2:55  Zergling x2  
  34  3:00  Zergling x2  
  35  3:06  Zergling x2  
  35  3:10  Zergling x2  
  37  3:13  Overlord  
  37  3:15  Zergling x4  
  37  3:16  Zergling x6  
  42  3:20  Zergling x2  
  43  3:27  Zergling x2  
  43  3:31  Zergling x2  
  45  3:37  Overlord  
  44  3:44  Zergling x4  
  44  3:45  Zergling x6  
  44  3:46  Zergling x6  
  50  3:53  Zergling x2  
  51  3:57  Zergling x2  
  49  4:05  Zergling x2  
  49  4:09  Zergling x2  
  46  4:18  Zergling x4  
  46  4:22  Zergling x2  
  46  4:23  Zergling x10  
  51  4:29  Zergling x2  
  51  4:33  Zergling x2  
  49  4:42  Zergling x2  
  43  4:47  Zergling x2  
  43  4:50  Zergling x2  
  44  4:53  Zergling x2  
  44  4:56  Zergling x6  
  44  4:57  Zergling x6  
  49  5:04  Zergling x2  
  49  5:06  Zergling x2  
  50  5:14  Zergling x2  
  49  5:16  Zergling x2  
  44  5:27  Zergling x6  
  44  5:28  Zergling x6  
  48  5:32  Zergling x2  
  43  5:43  Zergling x2  
  42  5:50  Drone  
  42  5:53  Drone  
  43  5:57  Drone  
  43  5:58  Spore Crawler  
  43  6:03  Spore Crawler, Drone x3  
  43  6:05  Drone  
  43  6:08  Drone  
  45  6:15  Drone  
  46  6:19  Drone  
  46  6:25  Overlord  
  47  6:26  Drone x3  
  47  6:29  Drone  
  51  6:37  Drone  
  52  6:40  Drone  
  53  6:49  Drone  
  54  6:54  Hatchery  
  54  6:59  Extractor  
  51  7:11  Baneling Nest  
  51  7:12  Zergling x2  
  51  7:13  Zergling x12  
  53  7:19  Zergling x2  
  49  7:23  Zergling x6  
  49  7:24  Zergling x2  
  54  7:30  Zergling x6  
  54  7:31  Zergling x2  
  54  7:34  Zergling x2  
  55  7:42  Zergling x2  
  56  7:44  Zergling x2  
  57  7:52  Zergling x2  
  57  8:02  Baneling x6  
  57  8:03  Baneling  
  57  8:04  Zergling x4  
  57  8:05  Zergling x10  
  63  8:09  Zergling x2  
  64  8:14  Baneling  
  64  8:15  Baneling x4  
  64  8:16  Zergling x4  
  65  8:21  Zergling x2  
  65  8:25  Zergling x2  
  62  8:32  Zergling x2  
  49  8:35  Zergling x2  
  49  8:40  Drone x3  
  43  8:50  Zergling x2  
  43  8:52  Zergling x4  
  43  8:53  Zergling x4  
  48  8:55  Zergling x2  
  48  8:56  Zergling x2  
  48  9:00  Drone  
  48  9:02  Queen  
  53  9:04  Lair  
  53  9:06  Burrow  
  53  9:07  Spore Crawler  
  53  9:09  Drone x2  
  54  9:17  Drone x2  
  54  9:18  Drone x4  
  59  9:27  Drone  
  59  9:28  Drone  
  61  9:32  Drone  
  61  9:33  Drone x3  
  65  9:50  Drone x5, Extractor  
  65  9:51  Extractor  
  68  9:53  Drone  
  68  9:57  Drone x3  
  72  10:04  Spire  
  71  10:11  Extractor  
  71  10:13  Extractor  
  69  10:20  Overlord x3  
  69  10:23  Zergling x10  
  69  10:26  Baneling  
  69  10:27  Baneling x13  
  73  10:39  Baneling x5  
  73  10:40  Zergling x2, Baneling  
  73  10:41  Zergling x10  
  79  10:43  Zergling x6  
  79  10:44  Zergling x2  
  79  10:45  Zergling x6  
  79  10:48  Zergling x2  
  87  10:52  Baneling  
  87  10:53  Baneling x3  

Tags
 
Add a new tag
Caveats
  • Supply blocks, unpowered buildings, or Contaminate may cause inaccurate times.
  • Supply counts are checked every 10 seconds.